 Dungeon Crawl Stone Soup version 0.19.1-1-g22dce08 (webtiles) character file.

29 Mefis the Magician (level 3, 14/19 HPs)
             Began as a Deep Elf Wizard on Jan 15, 2017.
             Quit the game on level 1 of the Dungeon.
             The game lasted 00:01:23 (723 turns).

Mefis the Magician (Deep Elf Wizard)                 Turns: 723, Time: 00:01:24

Health: 14/19      AC:  2    Str:  4    XL:     3   Next: 1%
Magic:  1/11       EV: 13    Int: 23    God:
Gold:   63         SH:  0    Dex: 13    Spells: 6 memorised, 0 levels left

rFire  . . .     SeeInvis .     f - +0 dagger
rCold  . . .     Gourm    .     a - +0 robe
rNeg   . . .     Faith    .     (no shield)
rPois  .         Spirit   .     b - +0 hat
rElec  .         Reflect  .     (no cloak)
rCorr  .         Harm     .     (no gloves)
MR     .....                    (no boots)
Stlth  ++........               (no amulet)
                                (no ring)
                                (no ring)

@: very slightly contaminated, repel missiles
A: no striking features
a: no special abilities


You were on level 1 of the Dungeon.
You were not hungry.

You visited 1 branch of the dungeon, and saw 1 of its levels.

You collected 63 gold pieces.

Inventory:

Hand Weapons
 f - a +0 dagger (weapon)
Armour
 a - a +0 robe (worn)
 b - a +0 hat (worn)
Jewellery
 e - an uncursed ring of protection from fire {unknown}
 i - a +3 ring of dexterity {unknown}
Scrolls
 g - 3 scrolls of identify {unknown}
Potions
 h - 2 potions of degeneration {unknown}
 k - a potion of flight {unknown}
Books
 c - a book of Minor Magic

   Spells                             Type                      Level
   a - Magic Dart                     Conjuration                  1
   b - Blink                          Translocation                2
   c - Call Imp                       Summoning                    2
   d - Repel Missiles                 Charms/Air                   2
   e - Slow                           Hexes                        2
   f - Conjure Flame                  Conjuration/Fire             3
   g - Mephitic Cloud                 Conjuration/Poison/Air       3
Comestibles
 d - a bread ration


   Skills:
 + Level 2.8 Dodging
 + Level 3.3 Stealth
 * Level 5.0 Spellcasting
 + Level 1.3 Conjurations
 - Level 1.1 Summonings
 - Level 1.1 Translocations
 + Level 0.0 Air Magic


You couldn't memorise any spells.
You knew the following spells:

 Your Spells              Type           Power        Failure   Level  Hunger
a - Magic Dart            Conj           ##..         6%          1    None
b - Call Imp              Summ           ##......     12%         2    None
c - Blink                 Tloc           N/A          12%         2    None
d - Repel Missiles        Chrm/Air       #.....       17%         2    None
e - Conjure Flame         Conj/Fire      #.......     24%         3    ##.....
f - Slow                  Hex            #.......     17%         2    None


Dungeon Overview and Level Annotations

Branches:
Dungeon (1/15)

Altars:


Message History

Aim: a hobgoblin, wielding a club (heavily wounded)
The magic dart hits the hobgoblin.
You kill the hobgoblin!
You have reached level 3!
Your experience leads to an increase in your attributes!
Increase (S)trength, (I)ntelligence, or (D)exterity?
You feel clever.
Memorise Conjure Flame, consuming 3 spell levels and leaving 2?
You start memorising the spell.
You continue memorising. x3
You finish memorising.
Spell assigned to 'e'.
Memorise Slow, consuming 2 spell levels and leaving 0?
You start memorising the spell.
You continue memorising. x2
You finish memorising.
Spell assigned to 'f'.
Okay, then.
Unknown command.
Are you sure you want to abandon this character and quit the game? (Confirm with "yes".)
Okay, then.
Quiver which item? (- for none, * to show all) (? for menu, Esc to quit)
Okay, then.
Are you sure you want to abandon this character and quit the game? (Confirm with "yes".)

# .... ### .... #..
# #..# # #. #.#
#.#..# .#.... ...#
#.#..##.#.#.# ###
#.....!.....
#..)......#
#####..@##.#..#
...........#..###
#####............
#.###..##.##########
#. #.......#.......
#. #.......#.######
# #.........#
##......###
####......#


There were no monsters in sight!

Vanquished Creatures
  An ooze (D:1)
  2 dart slugs (D:1)
  A leopard gecko (D:1)
  3 giant cockroaches (D:1)
  2 goblins (D:1)
  4 hobgoblins (D:1)
  2 frilled lizards (D:1)
  A kobold (D:1)
  3 rats (D:1)
19 creatures vanquished.

Notes
Turn   | Place    | Note
-------+----------+-------------------------------------------
     0 | D:1      | Mefis the Deep Elf Wizard began the quest for the Orb.
     0 | D:1      | Reached XP level 1. HP: 10/10 MP: 7/7
   275 | D:1      | Reached XP level 2. HP: 15/15 MP: 4/9
   279 | D:1      | Learned a level 2 spell: Call Imp
   282 | D:1      | Learned a level 2 spell: Blink
   285 | D:1      | Learned a level 2 spell: Repel Missiles
   626 | D:1      | Reached skill level 5 in Spellcasting
   715 | D:1      | Reached XP level 3. HP: 14/19 MP: 0/11
   720 | D:1      | Learned a level 3 spell: Conjure Flame
   723 | D:1      | Learned a level 2 spell: Slow
   723 | D:1      | Quit the game

Skill      XL: |  1  2 |
---------------+-------+-----
Stealth        | 3 |  3.3
Spellcasting   | 5 |  5.0
Dodging        | |  2.8
Conjurations   | |  1.3
Summonings     | |  1.1
Translocations | |  1.1

Action                   || total
-------------------------++-------
Melee: Dagger            ||     4
 Cast: Magic Dart        ||    50
       Repel Missiles    ||     2
Armor: Robe              ||     2
Dodge: Dodged            ||    11
       Deflected         ||     1
